[Event "FICS Team League T30"]
[Site "FICS, San Jose, California USA"]
[Date "2006.05.06"]
[Time "15:56:02"]
[Round "3"]
[White "noordinaryrabbit"]
[Black "ccaseiro"]
[WhiteElo "1690"]
[BlackElo "1487"]
[TimeControl "2700+45"]
[Mode "ICS"]
[Result "1/2-1/2"]

1. e4 d6 2. d3 Nf6 3. Nd2 g6 4. g3 b6 5. Bg2 Bb7 6. Ngf3 Nc6 7. c3 Bg7 8. O-O
O-O 9. Re1 e5 10. Nf1 Ne7 11. h4 h6 12. N1h2 Bc8 13. d4 Ng4 14. dxe5 Nxe5
15. Nxe5 dxe5 16. Be3 h5 17. Qc2 f5 18. exf5 Bxf5 19. Qb3+ Kh7 20. Bxa8
Qxa8 21. Kf1 Bd3+ 22. Kg1 Be4 23. f3 Bxf3 24. Nxf3 Qxf3 25. Qc2 Qxg3+ 26. Qg2
Qxh4 27. Bg5 Qc4 28. Bxe7 Rf4 29. Re3 Qe6 30. Ba3 c5 31. Re4 Qd5 32. Rxf4
Qxg2+ 33. Kxg2 exf4 34. Rd1 Be5 35. Rd5 Bb8 36. b3 Kg7 37. Bb2 Kh6 38. c4
g5 39. Rd7 g4 40. Rd5 Kg6 41. Be5 Bxe5 42. Rxe5 h4 43. Re6+ Kf5 44. Rh6
h3+ 45. Kf2 Ke4 46. Re6+ Kf5 47. Rh6
{Game drawn by mutual agreement} 1/2-1/2

[Event "FICS Team League T30"]
[Site "FICS, San Jose, California USA"]
[Date "2006.05.04"]
[Time "12:39:52"]
[Round "3"]
[White "zagothal"]
[Black "UIPawn"]
[WhiteElo "1277"]
[BlackElo "1235"]
[TimeControl "2700+45"]
[Mode "ICS"]
[Result "0-1"]

1. e4 e5 2. Nf3 d6 3. Nc3 Nf6 4. d4 exd4 5. Nxd4 Bd7 6. Bb5 Nc6 7. Bxc6
bxc6 8. Qe2 c5 9. Nf3 g6 10. e5 dxe5 11. Nxe5 Be7 12. Bg5 O-O 13. O-O-O
Bd6 14. Bxf6 Qxf6 15. Ng4 Qg5+ 16. Rd2 Bxg4 17. Qe3 Bf4 18. h4 Bxe3 19. hxg5
Rad8 20. fxe3 Rxd2 21. Kxd2 Rd8+ 22. Ke1 Re8 23. Rh4 Bf5 24. Kd2 Rd8+ 25. Kc1
Be6 26. Ra4 Ra8 27. Nb5 Bd7 28. Ra5 a6 29. Nxc7 Ra7 30. Nxa6 Bc8 31. Rxc5
Bxa6 32. Rc6 Bb5 33. Rb6 Be2 34. Kd2 Bh5 35. Kd3 Rxa2 36. Kd4 Ra4+ 37. Ke5
Ra5+ 38. Kf6 Ra8 39. c4 Bg4 40. e4 Be6 41. c5 h5 42. g3 Rc8 43. b4 Rd8 44. c6
Bg4 45. e5 Be6 46. c7 Rc8 47. Rc6 Kf8 48. b5 Bd5 49. Rc5 Bb7 50. e6 fxe6
51. Kxe6 Kg7 52. Kd7 Rf8 53. Re5 Bc8+ 54. Ke7 Rf7+ 55. Kd8 Bb7 56. Re7 Kf8
57. Re8+ Kg7 58. c8=Q Bxc8 59. Kxc8 Rf3 60. b6 Rxg3 61. b7 Rc3+ 62. Kb8
Kf7 63. Rh8 Ke6 64. Ka7 Ra3+ 65. Kb6 Rb3+ 66. Kc6 Rc3+ 67. Kb6 Rb3+ 68. Ka7
Ra3+ 69. Kb8 Kf5 70. Rf8+ Kxg5 71. Kc8 Rc3+ 72. Kd7 Rd3+ 73. Ke6 Re3+ 74. Kd5
Rb3 75. b8=Q Rxb8 76. Rxb8 h4 77. Rb3 Kg4 78. Ke6 g5 79. Kf6 h3 80. Rb4+
Kh5 81. Kf5 h2 82. Rb1 g4 83. Rh1 g3 84. Kf4 Kh4 85. Kf3 Kh3 86. Ke2 g2
87. Re1 h1=Q 88. Kd2 Qxe1+ 89. Kxe1 g1=Q+
{White resigns} 0-1